 Dungeon Crawl Stone Soup version 0.30-a0-782-ge64f9170bb (webtiles) character file.

Game seed: 6844902624398175924

643 Leeroy the Trooper (level 7, 0/52 HPs)
             Began as an Octopode Transmuter on Mar 4, 2023.
             Slain by an ice beast (7 damage)
             ... on level 5 of the Dungeon.
             The game lasted 00:04:25 (3977 turns).

Leeroy the Trooper (Octopode Transmuter)            Turns: 3977, Time: 00:04:25

Health: 0/52       AC:  1    Str:  9    XL:     7   Next: 51%
Magic:  14/14      EV: 18    Int: 17    God:
Gold:   237        SH:  0    Dex: 13    Spells: 14/15 levels left

rFire   . . .      SeeInvis .    b - +0 demon whip
rCold   . . .      Faith    .    (no shield)
rNeg    . . .      Spirit   .    (helmet restricted)
rPois   .          Reflect  .    (no amulet)
rElec   .          Harm     .    f - +5 ring of evasion
rCorr   .          Rampage  .    (no ring)
Will    .....                    (no ring)
Stlth   ++                       (no ring)
HPRegen 0.28/turn                (no ring)
MPRegen 0.14/turn                (no ring)
                                 (no ring)
                                 (no ring)

@: no status effects
A: almost no armour, amphibious, 8 rings, camouflage 1, gelatinous body 1,
(nimble swimmer 1), tentacles
a: no special abilities


You were on level 5 of the Dungeon.
You visited 1 branch of the dungeon, and saw 5 of its levels.

You collected 237 gold pieces.

Inventory:

Hand Weapons
 b - a +0 demon whip (weapon)
 d - a +1 heavy mace
 p - a +1 dagger of speed
 u - a +0 great sword
 v - a +2 falchion of flaming
 y - a +2 falchion of holy wrath
Missiles
 q - 3 poisoned darts
 z - a throwing net
Jewellery
 f - a +5 ring of evasion (left tentacle)
Wands
 w - a wand of acid (7)
Scrolls
 c - 3 scrolls of magic mapping {unknown}
 e - a scroll of poison {unknown}
 g - 4 scrolls of blinking {unknown}
 i - 2 scrolls of butterflies {unknown}
 k - 3 scrolls of identify {unknown}
 l - 3 scrolls of fear {unknown}
 n - a scroll of silence {unknown}
 o - 2 scrolls of noise {unknown}
 r - 2 scrolls of immolation {unknown}
 x - a scroll of vulnerability {unknown}
 B - a scroll of torment {unknown}
Potions
 a - 2 potions of lignification
 h - 3 potions of might {unknown}
 j - 8 potions of curing {unknown}
 m - a potion of attraction {unknown}
 s - a potion of flight {unknown}
 t - a potion of degeneration {unknown}
 A - a potion of heal wounds {unknown}


   Skills:
 - Level 6.1 Fighting
 - Level 2.0 Dodging
 - Level 3.0 Unarmed Combat
 + Level 4.9 Spellcasting
 - Level 2.0 Transmutations


You had 14 spell levels left.
You knew the following spells:

 Your Spells              Type           Power      Damage    Failure   Level
a - Beastly Appendage     Tmut           22%        N/A       6%          1

Your spell library contained the following spells:

 Spells                   Type           Power      Damage    Failure   Level
 Sting                    Tmut/Pois      28%        1d4       10%         1
 Wereblood                Tmut           11%        N/A       10%         2
 Apportation              Tloc           8%         N/A       14%         1
 Necrotise                Necr           16%        1d4       14%         1
 Sandblast                Erth           8%         2d5       14%         1
 Summon Small Mammal      Summ           16%        N/A       14%         1
 Passwall                 Tmut/Erth      5%         N/A       14%         2
 Poisonous Vapours        Pois/Air       8%         N/A       22%         2
 Spider Form              Tmut/Pois      7%         N/A       28%         3
 Dazzling Flash           Conj/Hex       8%         N/A       41%         3
 Stone Arrow              Conj/Erth      8%         3d7       41%         3
 Ice Form                 Ice/Tmut       7%         N/A       67%         4
 Iskenderun's Mystic Bla  Conj/Tloc      4%         2d3       82%         4
 Olgreb's Toxic Radiance  Pois           4%         N/A       82%         4
 Starburst                Conj/Fire      2%         6d3       100%        6


Dungeon Overview and Level Annotations

Branches:
Dungeon (5/15)
 Temple: D:4-7

Altars:
Ashenzari
Gozag
Xom

Shops:
D:2 (   D:3 :!   D:4 (   D:5 =


Innate Abilities, Weirdness & Mutations

You cannot wear most types of armour.
You are amphibious.
You can wear up to eight rings at the same time.
Your skin changes colour to match your surroundings (Stealth+).
Your rubbery body absorbs attacks. (AC +1, EV +1)
((You are camouflaged when in or above water. (Stealth+)))
You have tentacles for arms and can constrict up to eight enemies at once.


Message History

The ice beast hits you. The ice beast freezes you!
You closely miss the ice beast. Your squeeze misses the ice beast.
The ice beast is moderately wounded.
The ice beast barely misses you.
You hit the ice beast but do no damage.
The ice beast is lightly wounded.
The ice beast hits you. The ice beast freezes you!
You hit the ice beast but do no damage.
You squeeze the ice beast, but do no damage.
The ice beast is lightly wounded.
The ice beast closely misses you.
You whack the ice beast!
The ice beast is heavily wounded.
The ice beast misses you.
You barely miss the ice beast.
You squeeze the ice beast, but do no damage.
The ice beast is heavily wounded.
The ice beast barely misses you.
You barely miss the ice beast.
The ice beast is heavily wounded.
The ice beast hits you. The ice beast freezes you!
The ice beast completely misses you.
You are too injured to fight recklessly!
You are too injured to fight recklessly!
You are too injured to fight recklessly!
You are too injured to fight recklessly!
You are too injured to fight recklessly!
You hit the ice beast but do no damage. You squeeze the ice beast.
The ice beast is heavily wounded.
The ice beast hits you. The ice beast freezes you!
* * * LOW HITPOINT WARNING * * *
You hit the ice beast.
The ice beast is severely wounded.
The ice beast misses you.
You closely miss the ice beast. Your squeeze misses the ice beast.
The ice beast is severely wounded.
The ice beast hits you.
* * * LOW HITPOINT WARNING * * *
The ice beast freezes you!
You die...

#.### #.# #...#. #.# #.#
##.##.# #.# #.. .. # #. # #†#
### #.. .# #.# ##+# #.. ..#
#.#### ##...# #.##.. .....#
##.....## #.... # #.#..#
#.....Y?## #..##.#
#....####.......@.####...#.###
#.......+..>.?....'...........
#....####.........####...#.##
#.#..# #.......## #....##.#
#.##.# ##.....## ##.#.#.#
.....# ##...# ##...# #.####
##+# ##.## #.# #.# #.# #.#####
#.# ### #.#


You could see an ice beast.

Vanquished Creatures
  2 phantoms
  A necrophage (D:4)
  A scorpion (D:3)
  2 howler monkeys
  2 hounds
  A gnoll bouda (D:4)
  Ijyb (D:4)
  4 gnolls
  2 adders (D:4)
  A white imp (D:5)
  An ufetubus (D:4)
  2 worms (D:2)
  A dart slug (D:3)
  14 orcs
  8 ball pythons
  6 bats
  6 endoplasms
  2 giant cockroaches
  13 goblins
  5 hobgoblins
  6 jackals (D:4)
  7 kobolds
  2 quokkas
  5 frilled lizards
  5 rats
100 creatures vanquished.

Notes
Turn   | Place    | Note
-------+----------+-------------------------------------------
     0 | D:1      | Leeroy the Octopode Transmuter began the quest for the Orb.
     0 | D:1      | Reached XP level 1. HP: 13/13 MP: 3/3
   190 | D:1      | Found a faded altar of an unknown god.
   474 | D:1      | Reached skill level 2 in Fighting
   474 | D:1      | Reached XP level 2. HP: 19/19 MP: 5/5
   868 | D:2      | Reached XP level 3. HP: 25/25 MP: 6/6
   873 | D:2      | Found a shimmering altar of Xom.
   925 | D:2      | Found Cof Cuus's Weapon Emporium.
   952 | D:2      | Reached skill level 3 in Fighting
  1626 | D:3      | Found Immoiderua's Book Emporium.
  1677 | D:3      | Reached XP level 4. HP: 31/33 MP: 7/7
  1856 | D:3      | Reached skill level 4 in Fighting
  1875 | D:3      | Found Canweyfi's Distillery.
  1920 | D:3      | Noticed a scorpion
  1929 | D:3      | Killed a scorpion
  1930 | D:3      | Reached XP level 5. HP: 21/38 MP: 8/8
  2040 | D:3      | Found an opulent altar of Gozag.
  2253 | D:3      | Found a broken altar of Ashenzari.
  2300 | D:4      | Reached skill level 5 in Fighting
  2412 | D:4      | Noticed a phantom
  2425 | D:4      | Killed a phantom
  2426 | D:4      | Reached skill level 6 in Fighting
  2426 | D:4      | Reached XP level 6. HP: 39/46 MP: 7/9
  2707 | D:4      | Found Weggiol's Weapon Shoppe.
  2789 | D:4      | Reached XP level 7. HP: 43/52 MP: 12/12
  2847 | D:4      | Noticed Ijyb
  2860 | D:4      | Killed Ijyb
  3365 | D:5      | Entered Level 5 of the Dungeon
  3581 | D:5      | Found Lyrirr's Jewellery Boutique.
  3977 | D:5      | Slain by an ice beast

Illustrated notes

Levels and vault maps discovered:
D:1:      minmay_arrival_three_doors, layout_loops_corners,
          ebering_ecumenical_altar_petrified, st_stairs_11, minivault_23
D:2:      layout_basic, basic_altar, serial_shops, nicolae_shop_waterfront,
          hangedman_decor_growths
D:3:      layout_basic, nicolae_gozag_cash_rules_everything_around_me,
          mainiacjoe_overflow_alcove_2, serial_shops, shop,
          nicolae_shop_advertising_works [nicolae_subvault_shop_adworks]
D:4:      kennysheep_goblin_castle, layout_loops_cross, serial_shops,
          nicolae_shop_bloodbath_and_beyond
D:5:      layout_loops_corners, serial_shops, nicolae_shop_statue_plus,
          nicolae_figureground_sparkle

Skill      XL: |  1  2  3  4  5  6  7 |
---------------+----------------------+-----
Fighting       | 2 3 4 6 |  6.1
Spellcasting   | 3 4 |  4.9
Dodging        | |  2.0
Unarmed Combat | |  3.0
Transmutations | |  2.0

Action                     |  1- 3 |  4- 6 |  7- 9 || total
---------------------------+-------+-------+-------++-------
  Melee: Demon whip        |    78 |    96 |    61 ||   235
         Tentacles         |    11 |    19 |    15 ||    45
         Constrict         |    18 |    28 |     9 ||    55
         Punch             |     3 |     1 |       ||     4
         Kick              |       |     7 |       ||     7
   Cast: Beastly Appendage |       |     4 |       ||     4
   Stab: Sleeping          |    10 |     4 |     1 ||    15
 Armour: Skin              |     6 |     4 |     2 ||    12
  Dodge: Dodged            |    56 |    98 |    32 ||   186

Table legend: (Time is in decaauts)
 A = Elapsed time spent in this place.
 B = Non-inter-level travel time spent in this place.
 C = Inter-level travel time spent in this place.
 D = Time resting spent in this place.
 E = Time spent auto-exploring this place.
 F = Levels seen in this place.
 G = Mean time per level.
                   A        B        C        D        E       F      G
               +--------+--------+--------+--------+--------+-----+--------+
         Total |   3996 |   3901 |     95 |      0 |   3234 |   5 |  799.2 |
       Dungeon |   3996 |   3901 |     95 |      0 |   3234 |   5 |  799.2 |
               +--------+--------+--------+--------+--------+-----+--------+

Top non-repeatable levels by time:
     D:4: 1100 daAuts
     D:1: 777 daAuts
     D:3: 773 daAuts
     D:2: 729 daAuts
     D:5: 616 daAuts
